 Dungeon Crawl Stone Soup version 0.28-a0-687-gb91baff9cc (webtiles) character file.

Game seed: 969392575998686787

28 khargal the Skirmisher (level 2, 24/24 HPs)
             Began as a Mummy Cinder Acolyte on Oct 19, 2021.
             Was a Follower of Dithmenos.
             Safely got out of the dungeon.
             The game lasted 00:04:19 (1509 turns).

khargal the Skirmisher (Mummy Cinder Acolyte)       Turns: 1509, Time: 00:04:20

Health: 24/24      AC:  2    Str: 17    XL:     2   Next: 96%
Magic:  4/4        EV: 11    Int: 13    God:    Dithmenos [*.....]
Gold:   34         SH:  0    Dex:  7    Spells: 4/4 levels left

rFire   x . .      SeeInvis +   a - -1 falchion (flame)
rCold   + . .      Faith    .   (no shield)
rNeg    + + +      Spirit   .   b - +0 robe
rPois   ∞          Reflect  .   (no helmet)
rElec   .          Harm     .   (no cloak)
rCorr   .          Rampage  .   (no gloves)
Will    .....                   (no boots)
Stlth   +.........              (no amulet)
HPRegen 0.08/turn               d - ring of see invisible
MPRegen 0.09/turn               (no ring)

@: wreathed by umbra
A: cold resistance 1, negative energy resistance 3, torment resistance 2, heat
vulnerability 1, no potions
a: Renounce Religion


You escaped.
You worshipped Dithmenos.
Dithmenos was aware of your devotion.
You visited 1 branch of the dungeon, and saw 1 of its levels.

You collected 34 gold pieces.

Inventory:

Hand Weapons
 a - a -1 falchion of flaming (weapon)
Missiles
 c - 8 poisoned darts (quivered)
 e - 36 arrows
Armour
 b - a +0 robe (worn)
Jewellery
 d - a ring of see invisible (left hand)
Scrolls
 f - a scroll of magic mapping
 g - a scroll of amnesia {unknown}
Potions
 h - a potion of curing {unknown}


   Skills:
 + Level 3.4 Fighting
 + Level 2.6 Long Blades
 + Level 0.2 Dodging
 + Level 1.6 Spellcasting
 + Level 2.7 Fire Magic


You had 4 spell levels left.
You didn't know any spells.
Your spell library contained the following spells:

 Spells                   Type           Power      Damage    Failure   Level
 Scorch                   Fire           16%        2d5       13%         2
 Ensorcelled Hibernation  Hex/Ice        2%         N/A       38%         2
 Spider Form              Tmut/Pois      Unusable   N/A       N/A         3

Dungeon Overview and Level Annotations

Branches:
Dungeon (1/15)

Altars:
Dithmenos


Innate Abilities, Weirdness & Mutations

You are immune to poison.
Your flesh is cold resistant. (rC+)
You are immune to negative energy. (rN+++)
You are immune to unholy pain and torment.
You are vulnerable to heat. (rF-)
You do not drink.


Message History

No target in view!
No target in view!
No target in view!
No target in view!
As you read the scroll of identify, it crumbles to dust.
f - a scroll of magic mapping Done exploring.
There is an open door here.
There is an open door here.
There is an escape hatch in the floor here.
You see here a fizzy black potion.
You see here a fizzy black potion.
h - a fizzy black potion You can't drink.
Welcome back, khargal the Mummy Cinder Acolyte.
The flames of Ignis gently warm you.
Press ? for a list of commands and other information.
You see here 17 stones.
You see here 17 stones.
There is a faded altar of an unknown god here.
You cannot tell which god this altar belongs to.
Convert to them anyway?
Okay, then.
You cannot tell which god this altar belongs to.
Convert to them anyway?
Uppercase [Y]es or [N]o only, please.
You cannot tell which god this altar belongs to.
Convert to them anyway?
Really abandon Ignis for an unknown god?
Dithmenos accepts your prayer!
You have lost your religion!
Ignis blazes with a vengeful fury!
Ignis burns away your resistance to fire.
Dithmenos welcomes you!
You are shrouded in an aura of darkness!
You see here 17 stones.
There is an open door here.
You see here 17 stones.
There is an open door here.
There is an open door here.
There is a staircase leading out of the dungeon here.
Are you sure you want to leave the Dungeon?
This will make you lose the game!
You have escaped!

♣♣♣ #♣@♣# #8.8#
##'## #.# #.#
#.# #.#
#.#############
#.............#


There were no monsters in sight!

Vanquished Creatures
  2 dart slugs (D:1)
  2 bats (D:1)
  A giant cockroach (D:1)
  2 hobgoblins (D:1)
  2 quokkas (D:1)
  5 ball pythons (D:1)
  2 frilled lizards (D:1)
  4 kobolds (D:1)
  4 rats (D:1)
24 creatures vanquished.

Notes
Turn   | Place    | Note
-------+----------+-------------------------------------------
     0 | D:1      | khargal the Mummy Cinder Acolyte began the quest for the
                  | Orb.
     0 | D:1      | Reached XP level 1. HP: 18/18 MP: 2/2
   204 | D:1      | Reached XP level 2. HP: 23/24 MP: 4/4
  1112 | D:1      | Found a faded altar of an unknown god.
  1410 | D:1      | Prayed at the altar of an unknown god.
  1410 | D:1      | Fell from the grace of Ignis
  1410 | D:1      | Became a worshipper of Dithmenos the Shadowed
  1410 | D:1      | Reached * piety under Dithmenos
  1509 | D:$      | Safely got out of the dungeon.

Illustrated notes

Levels and vault maps discovered:
D:1:      saegor_arrival_simple_b, layout_basic, chequers_ecumenical_altar_grove

Action                   || total
-------------------------++-------
Melee: Falchion          ||    65
  Use: Scroll            ||     2
Armor: Robe              ||    18
Dodge: Dodged            ||    54

Table legend: (Time is in decaauts)
 A = Elapsed time spent in this place.
 B = Non-inter-level travel time spent in this place.
 C = Inter-level travel time spent in this place.
 D = Time resting spent in this place.
 E = Time spent auto-exploring this place.
 F = Levels seen in this place.
 G = Mean time per level.
                   A        B        C        D        E       F      G
               +--------+--------+--------+--------+--------+-----+--------+
         Total |   1519 |   1181 |    338 |      0 |    920 |   1 | 1519.0 |
       Dungeon |   1519 |   1181 |    338 |      0 |    920 |   1 | 1519.0 |
               +--------+--------+--------+--------+--------+-----+--------+

Top non-repeatable levels by time:
     D:1: 1519 daAuts
